 Dungeon Crawl Stone Soup version 0.23.2-40-g277498a001 (webtiles) character file.

Game seed: 1237165180881550267

182 Hylith the Insei (level 5, -4/36 HPs)
             Began as an Octopode Transmuter on Sept 23, 2019.
             Slain by a gnoll
             ... wielding a +0 flail
              (10 damage)
             ... on level 3 of the Dungeon.
             The game lasted 00:04:34 (1702 turns).

Hylith the Insei (Octopode Transmuter)              Turns: 1702, Time: 00:04:35

Health: -4/36      AC:  1    Str: 10    XL:     5   Next: 62%
Magic:  8/8        EV: 13    Int: 16    God:
Gold:   99         SH:  0    Dex: 12    Spells: 2/8 levels left

rFire    . . .     SeeInvis .     - Unarmed
rCold    . . .     Gourm    .   (no shield)
rNeg     . . .     Faith    .   (helmet restricted)
rPois    .         Spirit   .   k - amulet of regeneration
rElec    .         Reflect  .   (no ring)
rCorr    .         Harm     .   (no ring)
MR       .....                  (no ring)
Stlth    ++........             (no ring)
HPRegen  0.52/turn              (no ring)
MPRegen  0.11/turn              (no ring)
                                (no ring)
                                (no ring)

@: no status effects
A: almost no armour, stealthy swim, amphibious, 8 rings, constrict 8, camouflage
1, gelatinous body 1
a: no special abilities


You were on level 3 of the Dungeon.
You were not hungry.

You visited 1 branch of the dungeon, and saw 3 of its levels.

You collected 99 gold pieces.

Inventory:

Missiles
 a - 33 arrows
Jewellery
 f - an uncursed amulet of faith
 k - an amulet of regeneration (around mantle)
Scrolls
 d - a scroll of magic mapping {unknown}
 e - 2 scrolls of remove curse {unknown}
 j - a scroll of amnesia {unknown}
 l - a scroll of fear {unknown}
 m - a scroll of teleportation {unknown}
 o - 4 scrolls of identify {unknown}
Potions
 b - 4 potions of lignification
 g - a potion of haste {unknown}
 i - a potion of mutation {unknown}
 n - a potion of brilliance {unknown}
 p - a potion of flight {unknown}
 q - a potion of degeneration {unknown}
Comestibles
 c - 4 rations
 h - 10 chunks of flesh


   Skills:
 + Level 3.5 Fighting
 - Level 2.0 Dodging
 + Level 4.3 Unarmed Combat
 - Level 2.0 Spellcasting
 - Level 3.0 Transmutations


You had 2 spell levels left.
You knew the following spells:

 Your Spells              Type           Power        Failure   Level  Hunger
a - Beastly Appendage     Tmut           ##....       6%          1    #......
b - Sticks to Snakes      Tmut           ##......     9%          2    ###....
c - Spider Form           Tmut/Pois      #.........   32%         3    ###....

Your spell library contained the following spells:

 Spells                   Type           Power        Failure   Level  Hunger
 Ice Form                 Ice/Tmut       #.......     73%         4    #####..
 Blade Hands              Tmut           ##........   86%         5    ######.


Dungeon Overview and Level Annotations

Branches:
Dungeon (3/15)

Altars:


Innate Abilities, Weirdness & Mutations

You cannot wear most types of armour.
You are very stealthy in the water. (Stealth+)
You are amphibious.
You can wear up to eight rings at the same time.
You can use your tentacles to constrict eight enemies at once.
Your skin changes colour to match your surroundings (Stealth+).
Your rubbery body absorbs attacks. (AC +1, EV +1)


Message History

You kill the gnoll!
The gnoll closely misses you.
Items here: $ ( )))) [[ ÷÷÷ † You tentacle-slap the gnoll.
You grab the gnoll.
The gnoll is lightly wounded.
You constrict the gnoll. The gnoll completely misses you.
You completely miss the gnoll.
You squeeze the gnoll, but do no damage.
The gnoll is lightly wounded.
You constrict the gnoll. The gnoll barely misses you.
The gnoll closely misses you.
You release your grip on the gnoll.
You tentacle-slap the gnoll but do no damage.
You grab the gnoll. You constrict the gnoll.
The gnoll hits you with a +0 flail!
* * * LOW HITPOINT WARNING * * *
You tentacle-slap the gnoll.
The gnoll is moderately wounded.
You constrict the gnoll. The gnoll hits you with a +0 flail!
You die...

###### ##########....#
#.....gg@.....#
#.....(##.....#
#......##..<..#
#...(..##.#######
#......#........#
#..)...#........#
###.#####.(......#
....#####........#######
..............≈.≈.≈≈.≈..


You could see 2 gnolls.

Vanquished Creatures
  2 gnolls (D:3)
  6 adders
  2 oozes
  2 worms (D:2)
  3 dart slugs
  A leopard gecko (D:1)
  5 orcs (D:3)
  A ball python (D:1)
  12 giant cockroaches
  8 goblins
  8 hobgoblins
  A quokka (D:3)
  7 bats
  A frilled lizard (D:1)
  14 kobolds
  9 rats
82 creatures vanquished.

Notes
Turn   | Place    | Note
-------+----------+-------------------------------------------
     0 | D:1      | Hylith the Octopode Transmuter began the quest for the Orb.
     0 | D:1      | Reached XP level 1. HP: 13/13 MP: 3/3
    48 | D:1      | Reached XP level 2. HP: 16/18 MP: 5/5
   444 | D:1      | Reached XP level 3. HP: 17/24 MP: 6/6
   612 | D:1      | Reached skill level 4 in Unarmed Combat
   927 | D:2      | Reached XP level 4. HP: 29/29 MP: 7/7
   984 | D:2      | Learned a level 2 spell: Sticks to Snakes
   988 | D:2      | Learned a level 3 spell: Spider Form
  1311 | D:2      | Reached XP level 5. HP: 26/36 MP: 8/8
  1583 | D:3      | Found a faded altar of an unknown god.
  1702 | D:3      | Slain by a gnoll

Skill      XL: |  1  2  3  4 |
---------------+-------------+-----
Unarmed Combat | 4 |  4.3
Fighting       | 2 3 |  3.5
Transmutations | 3 |  3.0
Dodging        | |  2.0
Spellcasting   | |  2.0

Action                   |  1- 3 |  4- 6 || total
-------------------------+-------+-------++-------
Melee: Unarmed           |   104 |   104 ||   208
       Tentacles         |    17 |    15 ||    32
       Constrict         |    24 |    20 ||    44
       Punch             |       |     2 ||     2
  Use: Potion            |       |     1 ||     1
 Stab: Sleeping          |     6 |     7 ||    13
       Distracted        |     1 |       ||     1
  Eat: Chunk             |       |     3 ||     3
Armor: Skin              |     8 |    14 ||    22
Dodge: Dodged            |    58 |    35 ||    93
